 Dungeon Crawl Stone Soup version 0.28.0-53-g5a82cb258f (webtiles) character file.

Game seed: 17267294897551974610

158 Peloso the Covered (level 5, -2/47 HPs)
             Began as a Minotaur Fighter on June 11, 2022.
             Killed by divine providence
             ... invoked by an orc priest
              (16 damage)
             ... on level 3 of the Dungeon.
             The game lasted 00:03:07 (2675 turns).

Peloso the Covered (Minotaur Fighter)               Turns: 2675, Time: 00:03:07

Health: -2/47      AC:  8    Str: 21    XL:     5   Next: 16%
Magic:  4/4        EV:  9    Int:  5    God:
Gold:   96         SH:  5    Dex: 17    Spells: 4/4 levels left

rFire   . . .      SeeInvis .   a - +0 long sword
rCold   . . .      Faith    .   c - +0 buckler
rNeg    . . .      Spirit   .   h - +0 scale mail
rPois   .          Reflect  .   (helmet restricted)
rElec   .          Harm     .   l - +0 cloak
rCorr   .          Rampage  .   (no gloves)
Will    .....                   (no boots)
Stlth   ..........              (no amulet)
HPRegen 0.15/turn               i - +6 ring of dexterity
MPRegen 0.09/turn               (no ring)

@: no status effects
A: horns 2, retaliatory headbutt
a: no special abilities


You were on level 3 of the Dungeon.
You visited 1 branch of the dungeon, and saw 3 of its levels.

You collected 96 gold pieces.

Inventory:

Hand Weapons
 a - a +0 long sword (weapon)
 b - a +0 spear of flaming
Armour
 c - a +0 buckler (worn)
 h - a +0 scale mail (worn)
 l - a +0 cloak (worn)
Jewellery
 i - a +6 ring of dexterity (left hand)
Scrolls
 f - a scroll of acquirement {unknown}
 g - a scroll of teleportation {unknown}
 j - a scroll of fear {unknown}
 m - a scroll of fog {unknown}
 n - a scroll of holy word {unknown}
 o - a scroll of brand weapon {unknown}
 p - a scroll of summoning {unknown}
 q - a scroll of identify {unknown}
Potions
 d - a potion of might
 e - a potion of magic {unknown}
 k - a potion of cancellation {unknown}


   Skills:
 + Level 4.4 Fighting
 + Level 3.9 Long Blades
 + Level 5.3 Armour
 + Level 0.8 Dodging
 + Level 0.1 Stealth
 + Level 4.1 Shields


You had 4 spell levels left.
You didn't know any spells.
Your spell library contained the following spells:

 Spells                   Type           Power      Damage    Failure   Level
 Summon Guardian Golem    Hex/Summ       0%         N/A       99%         3
 Cause Fear               Hex            0%         N/A       100%        4
 Olgreb's Toxic Radiance  Pois           0%         N/A       100%        4
 Enfeeble                 Hex            0%         N/A       100%        7
 Ozocubu's Refrigeration  Ice            0%         4d5       100%        7
 Ignition                 Fire           0%         3d3       100%        8


Dungeon Overview and Level Annotations

Branches:
Dungeon (3/15)

Altars:


Innate Abilities, Weirdness & Mutations

You have a pair of horns on your head.
You reflexively headbutt those who attack you in melee.


Message History

There are monsters nearby!
An orc priest and an orc come into view.
The orc priest shouts!
The orc wizard shouts!
The orc shouts!
The orc priest looks encouraged for a moment.
An orc priest comes into view. It is wielding a +0 short sword.
The orc priest shouts!
The orc wizard casts a spell.
The orc wizard flickers and vanishes!
Deactivating autopickup; reactivate with Ctrl-A.
The orc hits you with a +0 mace.
You slash the orc!
You kill the orc!
The orc priest miscasts a cantrip.
You slash something! You block the orc's attack.
You hear some strange, mumbled words.
Something tries to affect you, but you resist.
The orc hits you but does no damage. Something hits you but does no damage.
Unknown command.
The orc priest invokes the aid of Beogh against you.
Beogh smites you!
You hear some strange, mumbled words.
A puff of flame appears from out of thin air!
The puff of flame hits you.
The orc priest begins to cast a cantrip, but forgets the words!
A magic dart appears from out of thin air!
The magic dart hits you.
You see here a bat corpse.
You hit the orc.
The orc is heavily wounded.
The orc barely misses you.
You hit the orc. You headbutt the orc.
You kill the orc!
The orc priest calls down the wrath of Beogh upon you.
Beogh smites you!
* * * LOW HITPOINT WARNING * * *
You closely miss the orc priest. You headbutt the orc priest!
The orc priest is severely wounded.
The orc priest calls down the wrath of Beogh upon you.
Beogh smites you!
You die...

..............#
..............#
#........
..............#
#........
.....†........#
#........
.<..†..)......##
#........
##+#####.......#
##........ #.......#
#.........
#.......###.........
+.......o@))).''....
#.......###)..##...#
#.....o.# #...# .
#.......# #...#
#......{# #...#
#.......# #...#
#.....).# #...#
##.............
#....!.........


You could see 2 orc priests.

Vanquished Creatures
  2 orc wizards (D:3)
  Terence (D:3)
  An adder (D:2)
  3 dart slugs (D:2)
  5 orcs
  6 endoplasms
  3 giant cockroaches
  4 goblins
  4 hobgoblins
  2 jackals (D:3)
  4 quokkas
  9 ball pythons
  6 bats
  2 frilled lizards
  6 kobolds
  A rat (D:1)
  A bush (D:1)
60 creatures vanquished.

Vanquished Creatures (others)
  6 plants (D:1)
6 creatures vanquished.

Grand Total: 66 creatures vanquished

Notes
Turn   | Place    | Note
-------+----------+-------------------------------------------
     0 | D:1      | Peloso the Minotaur Fighter began the quest for the Orb.
     0 | D:1      | Reached XP level 1. HP: 19/19 MP: 0/0
   233 | D:1      | Reached XP level 2. HP: 8/27 MP: 1/1
   608 | D:1      | Reached skill level 4 in Armour
  1138 | D:1      | Found a faded altar of an unknown god.
  1434 | D:2      | Reached XP level 3. HP: 33/33 MP: 2/2
  1779 | D:2      | Got the Handbook of Curses
  2459 | D:3      | Reached XP level 4. HP: 37/40 MP: 3/3
  2502 | D:3      | Noticed Terence
  2514 | D:3      | Killed Terence
  2520 | D:3      | Reached skill level 5 in Armour
  2529 | D:3      | Reached XP level 5. HP: 27/47 MP: 4/4
  2675 | D:3      | Killed from afar by an orc priest

Illustrated notes

Levels and vault maps discovered:
D:1:      tarquinn_simple_flora_water_b, layout_basic,
          shapermc_ecumenical_altar_petra, serial_forest,
          infiniplex_forest_corner_1, infiniplex_forest_clump_double,
          infiniplex_forest_fountain, infiniplex_forest_clump_tiny,
          infiniplex_forest_end_1, infiniplex_forest_end_double,
          infiniplex_forest_lined_ring
D:2:      layout_basic
D:3:      layout_basic, uniq_terence

Skill      XL: |  1  2  3  4 |
---------------+-------------+-----
Armour         | 4 5 |  5.3
Shields        | 4 |  4.1
Long Blades    | 3 |  3.9
Fighting       | 4 |  4.4
Dodging        | |  0.8
Stealth        | |  0.1

Action                   |  1- 3 |  4- 6 || total
-------------------------+-------+-------++-------
Melee: Long sword        |   165 |    28 ||   193
       Headbutt          |    35 |     9 ||    44
Armor: Scale mail        |    64 |    12 ||    76
Dodge: Dodged            |    50 |     8 ||    58
Block: Buckler           |    29 |    10 ||    39
